Map: Emerald City LE

Players

SlayerSoul

  • Race: Terran Terran
  • League: Diamond
  • Spawn Location: 11:00

MedScape

  • Race: Protoss Protoss
  • League: Platinum
  • Spawn Location: 11:00

OpuS - Winner!

  • Race: Protoss Protoss
  • League: Platinum
  • Spawn Location: 5:00

Sketchaphone - Winner!

  • Race: Zerg Zerg
  • League: Platinum
  • Spawn Location: 5:00

VOD

Have the link to the VOD?

Description

Time

  • Played on: Feb. 18, 2019, 7:48 p.m.
  • Length: 15:36
Show
View Real Time Build Order
Export as new Build Order

SlayerSoul Terran 

Build Orders: Gas First Reaper Expand 

Get SALT Encoding   

  12  0:01  SCV  
  13  0:13  SCV  
  14  0:19  Supply Depot  
  14  0:25  SCV  
  15  0:31  Refinery  
  15  0:42  Barracks  
  15  0:46  SCV  
  16  0:58  SCV  
  17  1:10  SCV  
  18  1:22  SCV  
  19  1:30  Reaper  
  20  1:35  Orbital Command  
  20  1:50  Command Center  
  20  2:05  Factory  
  20  2:14  SCV  
  21  2:18  Refinery  
  21  2:24  Barracks Tech Lab  
  21  2:26  SCV  
  21  2:29  Supply Depot  
  22  2:38  SCV  
  23  2:47  Supply Depot  
  24  2:51  SCV  
  24  2:52  Marine  
  25  3:00  Siege Tank  
  25  3:03  Orbital Command, SCV  
  29  3:15  SCV  
  29  3:16  Starport  
  29  3:18  Marine  
  31  3:28  SCV  
  32  3:37  Orbital Command, Siege Tank  
  32  3:38  Marine  
  36  3:56  Bunker  
  36  4:05  SCV  
  36  4:07  SCV  
  39  4:17  SCV  
  39  4:19  SCV  
  39  4:21  Siege Tank  
  39  4:22  Starport Reactor  
  43  4:24  Barracks  
  43  4:29  SCV  
  44  4:31  SCV  
  44  4:34  Refinery  
  45  4:41  SCV  
  45  4:42  Barracks Tech Lab  
  45  4:43  SCV  
  47  4:51  Command Center  
  47  4:53  SCV  
  47  4:57  Engineering Bay  
  48  5:03  Siege Tank  
  51  5:09  Stimpack  
  51  5:11  SCV  
  52  5:16  Refinery  
  52  5:17  Barracks Reactor  
  52  5:21  Medivac  
  54  5:26  Barracks  
  54  5:33  Barracks  
  54  6:00  Marine  
  54  6:01  Supply Depot  
  54  6:02  Medivac, Marine x2, Supply Depot  
  54  6:03  SCV x2  
  60  6:04  Supply Depot  
  60  6:15  Barracks Reactor, SCV x2  
  60  6:16  Orbital Command  
  60  6:17  Marine  
  63  6:18  Supply Depot  
  63  6:19  Terran Infantry Weapons Level 1  
  63  6:20  Marine x2  
  65  6:27  Engineering Bay, SCV x2  
  65  6:32  Barracks Tech Lab  
  67  6:35  Marine  
  67  6:38  Marine x2  
  67  6:39  Medivac, SCV  
  73  6:46  SCV  
  74  6:49  Missile Turret  
  74  6:54  Supply Depot  
  74  6:56  Terran Infantry Armor Level 1  
  74  6:58  SCV  
  75  7:02  Armory  
  75  7:17  Marauder x2, Marine x3  
  75  7:18  Marine  
  83  7:28  Orbital Command  
  83  7:35  Marine x2  
  83  7:36  Orbital Command  
  85  7:39  Medivac x2, Marauder x2  
  94  7:44  SCV  
  94  7:54  Command Center  
  94  8:00  Marauder x2  
  94  8:17  Liberator  
  89  8:22  Marauder x2, Marine x3  
  89  8:23  SCV  
  89  8:26  SCV x2  
  97  8:30  Marine  
  97  8:33  Siege Tank  
  101  8:35  SCV  
  101  8:40  Marine  
  109  8:42  Viking  
  109  8:48  SCV  
  109  9:06  Marauder x2, SCV x3  
  109  9:08  Refinery  
  109  9:09  Orbital Command  
  116  9:11  Refinery  
  116  9:13  Terran Infantry Weapons Level 2, Terran Infantry Armor Level 2  
  116  9:16  Siege Tank  
  119  9:17  Viking x2  
  119  9:18  SCV  
  124  9:33  Sensor Tower  
  124  9:35  SCV  
  124  9:38  SCV x2  
  124  9:40  Marauder  
  120  9:47  Viking  
  120  9:56  Terran Vehicle Weapons Level 1  
  120  9:58  Supply Depot x2  
  120  9:59  Supply Depot  
  96  10:23  Marine, Supply Depot  
  96  10:24  Marauder x2, Marine x3  
  96  10:26  Viking x2  
  96  10:27  Siege Tank  
  111  10:41  Marine x2  
  111  10:42  Marine x2  
  110  10:45  Marauder, Marine  
  80  10:59  Marine x3  
  80  11:00  Marine  
  80  11:02  Marine  
  81  11:05  SCV  
  81  11:06  Marine  
  83  11:11  SCV  
  83  11:15  Refinery  
  83  11:16  SCV  
  83  11:17  Refinery, Marine x4, SCV  
  87  11:20  Marine  
  87  11:24  Marine, SCV  
  79  11:28  SCV  
  79  11:29  SCV  
  77  11:35  Marine x2  
  77  11:36  SCV  
  80  11:40  SCV  
  80  11:41  SCV  
  80  11:43  Marine x4  
  86  11:48  Barracks, SCV  
  86  11:49  Barracks, Siege Tank  
  86  11:50  Barracks  
  86  11:51  Barracks  
  86  11:52  SCV  
  91  12:00  Terran Infantry Weapons Level 3, SCV  
  90  12:04  SCV  
  91  12:09  SCV  
  91  12:12  SCV  
  93  12:17  SCV  
  94  12:30  Siege Tank  
  94  12:32  Command Center  
  94  12:33  Combat Shield  
  97  12:41  Barracks Tech Lab x2  
  97  12:42  Barracks Reactor x2  
  97  12:46  Command Center  
  97  12:49  Marauder x2, Marine x2  
  97  12:50  Marine  
  96  13:11  Marauder  
  93  13:19  Marauder x3  
  96  13:21  Marine x3  
  96  13:26  Marine  
  96  13:27  Marine x4  
  95  13:32  Marauder  
  94  13:39  Marine x3  
  94  13:40  Marauder x3  
  102  13:44  Marine  
  102  13:52  Marine x3  
  92  14:01  Marine x5  
  92  14:02  Marine x4  
  78  14:10  Marine x3  
  74  14:19  Marine x6  
  78  14:28  Marine x2  
  78  14:29  Marine x2  
  78  14:30  Medivac x2  
  86  14:37  Marine  
  88  14:44  Marine x2  
  88  14:45  Orbital Command, Marine  
  87  14:50  Siege Tank  
  85  15:00  Viking x2  
  89  15:08  Starport  
Show
View Real Time Build Order
Export as new Build Order

MedScape Protoss 

Build Orders: Zealot Archon 

Get SALT Encoding   

  12  0:01  Probe  
  13  0:13  Probe  
  14  0:18  Pylon  
  14  0:25  Probe  
  15  0:35  Probe  
  15  0:38  Gateway  
  16  0:43  Probe  
  16  0:49  Assimilator  
  17  0:51  Probe  
  18  1:00  Assimilator  
  18  1:03  Probe  
  19  1:10  Pylon  
  19  1:12  Probe  
  20  1:20  Probe  
  21  1:28  Cybernetics Core  
  21  1:30  Probe  
  22  1:42  Probe  
  23  1:51  Warp Gate  
  23  1:54  Probe  
  24  1:55  Gateway  
  24  1:57  Gateway  
  24  2:06  Probe  
  25  2:09  Adept  
  25  2:14  Shield Battery  
  27  2:18  Probe  
  28  2:25  Shield Battery  
  28  2:30  Probe  
  29  2:39  Pylon  
  29  2:48  Probe  
  30  3:12  Nexus, Twilight Council  
  34  3:34  Pylon  
  28  3:39  Charge  
  28  3:40  Adept x3  
  34  3:49  Gateway  
  34  4:04  Probe  
  34  4:07  Gateway  
  34  4:09  Pylon  
  35  4:12  Pylon  
  35  4:25  Forge  
  35  4:26  Stalker  
  35  4:27  Probe  
  38  4:35  Probe  
  39  4:46  Probe  
  39  4:50  Templar Archives  
  40  4:56  Assimilator  
  40  4:57  Protoss Ground Weapons Level 1  
  40  5:04  Pylon  
  40  5:19  Probe  
  41  5:23  Zealot x2  
  41  5:24  Zealot  
  47  5:30  Assimilator  
  47  5:31  Probe  
  48  5:42  Probe  
  49  5:48  Robotics Facility  
  47  5:50  Sentry  
  47  5:51  Sentry x2  
  47  5:52  Stalker  
  55  6:15  High Templar x2  
  55  6:18  Adept x3  
  65  6:20  Archon  
  65  6:39  Probe, Robotics Bay  
  65  6:41  Observer  
  65  6:46  Pylon  
  67  6:47  Probe  
  68  6:56  Stalker x5  
  78  7:30  Disruptor, Robotics Facility  
  78  7:33  Robotics Facility  
  81  7:40  Zealot x3  
  87  7:58  Disruptor  
  86  8:24  Zealot x4  
  94  8:34  Pylon  
  94  8:43  Protoss Ground Weapons Level 2  
  94  8:47  Disruptor  
  94  8:52  Pylon, Disruptor  
  100  8:56  Pylon  
  100  8:57  Pylon  
  100  9:00  Disruptor  
  100  9:07  Probe  
  100  9:15  Probe  
  104  9:22  Gravitic Boosters  
  105  9:25  Probe  
  105  9:26  Blink  
  105  9:30  Stalker  
  105  9:31  Stalker x3  
  114  9:38  Probe  
  115  9:52  Stalker  
  105  10:17  Probe  
  105  10:18  Stalker x3  
  105  10:19  Stalker x2  
  116  10:25  Probe  
  116  10:35  Probe  
  72  11:03  Probe  
  63  11:05  Stalker x5  
  63  11:11  Probe x2  
  74  11:23  Probe  
  75  11:35  Probe  
  75  11:39  Zealot x4  
  84  12:05  Nexus  
  84  12:08  Probe  
  84  12:10  Probe  
  86  12:16  Probe  
  86  12:22  Probe, Protoss Ground Armor Level 1  
  88  12:34  Probe  
  89  12:46  Probe  
  86  12:52  Stalker x4  
  86  12:53  Stalker  
  84  12:58  Probe  
  38  13:27  Stalker x3  
  19  13:58  Probe  
  19  14:23  Probe  
  20  14:26  Probe  
  21  14:35  Probe  
  22  14:38  Probe  
  23  14:47  Probe  
  23  14:50  Probe  
  25  14:59  Probe  
  26  15:02  Probe  
  27  15:11  Probe  
Show
View Real Time Build Order
Export as new Build Order

OpuS Protoss - Winner!

Build Orders: Colossus Rush 

Get SALT Encoding   

  12  0:01  Probe  
  13  0:13  Probe  
  14  0:18  Pylon  
  14  0:26  Probe  
  15  0:36  Probe  
  15  0:40  Gateway  
  16  0:44  Probe  
  17  0:53  Assimilator  
  17  1:03  Probe  
  18  1:10  Assimilator  
  18  1:11  Gateway  
  18  1:15  Probe  
  18  1:18  Pylon  
  19  1:27  Zealot  
  21  1:35  Cybernetics Core  
  21  1:36  Probe  
  21  1:44  Probe  
  23  1:54  Probe  
  23  1:55  Pylon  
  24  2:12  Warp Gate  
  24  2:13  Stalker  
  25  2:16  Stalker  
  25  2:18  Probe  
  28  2:26  Probe  
  28  2:34  Pylon  
  29  2:40  Forge  
  29  2:47  Stalker  
  29  2:49  Sentry  
  33  2:58  Shield Battery  
  33  2:59  Probe  
  34  3:07  Probe  
  35  3:16  Robotics Facility  
  35  3:39  Nexus  
  35  3:46  Pylon  
  35  3:55  Probe  
  34  4:07  Shield Battery  
  34  4:15  Stalker x2  
  38  4:33  Immortal  
  42  4:41  Probe  
  42  4:42  Shield Battery  
  43  4:51  Probe  
  44  4:53  Probe  
  44  4:54  Robotics Bay  
  44  4:59  Gateway  
  45  5:04  Probe  
  45  5:05  Probe  
  47  5:13  Protoss Ground Weapons Level 1  
  47  5:14  Stalker, Sentry  
  49  5:19  Observer  
  49  5:20  Probe  
  49  5:21  Probe  
  54  5:31  Gateway  
  54  5:41  Probe x2  
  56  5:51  Pylon  
  56  5:53  Probe x2  
  56  5:56  Colossus  
  64  6:13  Probe x2  
  64  6:15  Stalker  
  64  6:16  Stalker x2  
  72  6:33  Probe x2  
  72  6:38  Twilight Council  
  74  6:41  Assimilator  
  74  6:45  Probe x2, Assimilator  
  76  6:57  Probe x2  
  78  7:03  Nexus  
  78  7:05  Pylon  
  78  7:23  Probe  
  78  7:27  Charge  
  79  7:34  Stalker  
  79  7:35  Stalker x2  
  85  7:46  Pylon, Gateway  
  85  7:47  Gateway  
  85  7:48  Pylon  
  85  7:49  Gateway  
  85  7:51  Pylon, Gateway  
  81  8:01  Colossus  
  75  8:18  Protoss Ground Weapons Level 2  
  75  8:19  Zealot x2  
  79  8:20  Zealot x2  
  83  8:34  Probe x2  
  83  8:35  Probe  
  83  8:38  Pylon  
  86  8:44  Zealot x2  
  86  8:45  Zealot x2, Extended Thermal Lance  
  86  8:46  Probe  
  86  8:47  Zealot x2  
  99  8:48  Zealot  
  99  8:50  Probe x2  
  103  8:58  Probe  
  104  9:07  Templar Archives  
  104  9:12  Colossus  
  104  9:14  Probe  
  104  9:15  Probe  
  113  9:17  Probe  
  113  9:31  Probe, Blink  
  113  9:32  Probe x2  
  112  9:46  Zealot  
  112  9:47  Zealot x3  
  120  9:53  Pylon  
  120  9:54  Zealot x2  
  120  9:55  Pylon, Zealot x2  
  102  10:18  Stalker  
  102  10:19  Stalker x5  
  102  10:20  Stalker  
  116  10:28  Stalker  
  102  10:46  Zealot  
  102  10:47  Zealot x5  
  102  10:48  Zealot  
  96  10:55  Probe x3  
  91  10:58  Assimilator  
  91  11:00  Protoss Ground Weapons Level 3  
  91  11:03  Assimilator  
  85  11:07  Probe x2  
  87  11:13  Psionic Storm  
  87  11:15  Probe  
  88  11:19  Probe  
  88  11:20  Probe  
  88  11:26  Stalker x3  
  88  11:27  Stalker x3  
  88  11:40  Colossus  
  88  11:54  High Templar x3  
  98  11:56  Zealot x2  
  98  11:57  Nexus  
  104  12:02  Pylon  
  104  12:13  High Templar  
  104  12:14  High Templar  
  104  12:15  Zealot  
  110  12:16  Zealot x2  
  114  12:26  Gateway  
  114  12:28  Gateway  
  114  12:33  High Templar, Gateway  
  114  12:34  High Templar, Zealot  
  114  12:35  Zealot  
  122  12:37  Gateway  
  122  12:46  Colossus  
  128  12:55  Zealot x4  
  128  12:56  Zealot x2  
  99  13:21  Zealot x4  
  99  13:22  Zealot x4  
  99  13:23  Zealot  
  104  13:27  Probe x3  
  104  13:28  Probe  
  104  13:32  High Templar x2  
  104  13:40  Stalker  
  94  13:50  Probe x3  
  94  13:51  Probe  
  84  14:02  Probe  
  85  14:05  Probe x3  
  88  14:10  Colossus  
  88  14:13  High Templar x3  
  100  14:21  Probe x4  
  100  14:24  Assimilator  
  104  14:27  Assimilator  
  104  14:42  Probe x4  
  100  14:54  Probe  
  101  15:00  Zealot  
  101  15:01  Zealot x6  
  101  15:02  Zealot  
  123  15:15  High Templar x3  
  123  15:16  High Templar  
  125  15:32  Archon  
Show
View Real Time Build Order
Export as new Build Order

Sketchaphone Zerg - Winner!

Build Orders: Hatch First, Muta Ling Bane 

Get SALT Encoding   

  12  0:01  Drone  
  13  0:12  Overlord  
  13  0:18  Drone  
  14  0:23  Extractor  
  14  0:25  Drone  
  15  0:31  Drone  
  15  0:34  Drone  
  17  0:56  Hatchery  
  16  1:00  Drone  
  16  1:02  Drone  
  18  1:05  Extractor  
  17  1:23  Spawning Pool  
  17  1:25  Drone x2  
  18  1:28  Drone  
  19  1:39  Overlord  
  19  1:49  Drone  
  20  2:08  Drone  
  21  2:09  Queen  
  21  2:10  Metabolic Boost  
  21  2:12  Queen  
  25  2:27  Zergling x4  
  25  2:28  Overlord  
  27  2:30  Drone  
  27  2:35  Drone  
  27  2:36  Evolution Chamber  
  28  2:37  Zergling x2  
  30  2:44  Zergling x2  
  30  2:45  Zergling x2  
  31  2:56  Zergling x2  
  32  2:59  Overlord  
  32  3:02  Zerg Melee Weapons Level 1  
  32  3:03  Zergling x2  
  33  3:23  Zergling x2  
  33  3:24  Overlord  
  34  3:30  Drone  
  35  3:45  Hatchery  
  34  3:53  Drone x8  
  42  4:06  Zergling x2  
  42  4:08  Drone  
  42  4:09  Drone  
  45  4:10  Pneumatized Carapace  
  45  4:12  Zergling x2  
  45  4:16  Overlord  
  46  4:36  Zergling x14  
  53  4:44  Drone  
  54  4:55  Zergling x2  
  54  4:58  Lair  
  54  4:59  Overlord  
  55  5:00  Zergling x6  
  55  5:01  Zergling x8  
  62  5:22  Zerg Ground Armor Level 1  
  62  5:23  Overlord, Drone  
  62  5:25  Extractor  
  62  5:27  Drone x4, Extractor  
  62  5:28  Queen, Extractor  
  65  5:46  Drone x4  
  65  5:47  Drone  
  69  6:19  Drone x10  
  69  6:20  Drone x3  
  82  6:35  Baneling Nest  
  82  6:36  Spire  
  80  6:41  Spore Crawler, Drone x5  
  80  6:42  Spore Crawler  
  83  6:49  Overlord, Evolution Chamber  
  83  6:50  Hatchery  
  83  6:52  Overlord  
  80  7:14  Zergling x20  
  89  7:18  Zerg Melee Weapons Level 2  
  89  7:19  Zerg Ground Armor Level 2  
  89  7:32  Drone x3, Extractor  
  89  7:33  Drone, Extractor  
  90  7:38  Zergling x6  
  90  7:42  Centrifical Hooks  
  93  7:49  Spore Crawler  
  92  7:52  Zerg Flyer Weapons Level 1, Mutalisk x2  
  92  7:54  Overlord  
  95  8:04  Overlord  
  95  8:05  Overlord  
  91  8:22  Queen  
  93  8:30  Infestation Pit  
  92  8:36  Drone x7  
  92  8:37  Overlord, Drone  
  92  8:39  Overlord  
  92  8:40  Overlord  
  100  8:45  Mutalisk x6  
  112  8:52  Zergling x6  
  112  8:54  Baneling  
  112  8:55  Baneling x4  
  115  8:57  Baneling x4  
  115  8:58  Zergling x8  
  119  9:13  Drone x10  
  129  9:18  Hatchery  
  128  9:25  Overseer  
  119  10:01  Zerg Missile Weapons Level 1  
  105  10:17  Zergling x50  
  105  10:18  Zergling x4  
  132  10:26  Mutalisk x2  
  135  10:34  Baneling  
  135  10:35  Baneling x5  
  131  10:48  Zergling x18  
  131  10:49  Zergling x2  
  124  11:11  Drone x6  
  130  11:14  Extractor x2  
  128  11:23  Mutalisk  
  128  11:24  Mutalisk x2  
  134  11:26  Overlord x4  
  134  11:27  Overlord  
  127  12:03  Overlord x2  
  127  12:06  Zergling x2  
  158  12:10  Zerg Flyer Weapons Level 2  
  158  12:13  Zerg Missile Weapons Level 2  
  158  12:15  Hive  
  158  12:16  Burrow  
  158  12:28  Nydus Network  
  157  12:31  Nydus Network  
  149  13:03  Zergling x16  
  150  13:09  Zergling x24  
  161  13:15  Zergling x4  
  163  13:24  Zergling x4  
  165  13:30  Baneling  
  165  13:31  Baneling x6  
  162  13:35  Mutalisk x2  
  152  14:18  Zergling x6  
  152  14:19  Zergling x18  
  159  14:32  Queen  
  159  14:36  Overlord x2  
  159  14:38  Overlord x2  
  161  14:43  Drone x4  
  165  14:54  Mutalisk x4  
Tags
 
Add a new tag
Caveats
  • Supply blocks, unpowered buildings, or Contaminate may cause inaccurate times.
  • Supply counts are checked every 10 seconds.